 Dungeon Crawl Stone Soup version 0.29.0-4-gdea44cf6ec (webtiles) character file.

Game seed: 8867853864582119030

632 qw the Chopper (level 7, -4/43 HPs)
             Began as a Gargoyle Fighter on Sept 8, 2022.
             Slain by an orc
             ... wielding a +2 trident of freezing
              (5 damage)
             ... on level 5 of the Dungeon.
             The game lasted 00:01:53 (4291 turns).

qw the Chopper (Gargoyle Fighter)                   Turns: 4291, Time: 00:01:54

Health: -4/43      AC: 20    Str: 21    XL:     7   Next: 49%
Magic:  7/7        EV:  9    Int: 11    God:
Gold:   80         SH:  4    Dex:  9    Spells: 6/6 levels left

rFire   + + .      SeeInvis +   Y - +0 war axe
rCold   + . .      Faith    .   c - +0 buckler
rNeg    + . .      Spirit   .   e - +6 scale mail of the Solstice {rF+ Int+2}
rPois   inf        Reflect  .   (no helmet)
rElec   +          Harm     .   s - scarf {rC+ rF+}
rCorr   .          Rampage  .   o - +2 pair of gloves
Will    .....                   (no boots)
Stlth   ..........              (no amulet)
HPRegen 0.14/turn               l - ring of see invisible
MPRegen 0.10/turn               (no ring)

@: about to teleport
A: sickness immunity, AC +4, negative energy resistance 1, electricity
resistance, torment resistance 1, petrification resistance
a: no special abilities


You were on level 5 of the Dungeon.
You visited 1 branch of the dungeon, and saw 5 of its levels.

You collected 235 gold pieces.
You spent 155 gold pieces at shops.


Innate Abilities, Weirdness & Mutations

You are immune to sickness and miasma.
Your stone body is resilient. (AC +4)
You are immune to poison.
You resist negative energy. (rN+)
You are resistant to electric shocks. (rElec)
You are resistant to unholy torment.
You are immune to petrification.


   Skills:
 + Level 4.0 Fighting
 - Level 7.0 Axes
 - Level 3.2 Armour
 - Level 1.1 Dodging
 - Level 3.2 Shields


You had 6 spell levels left.
You didn't know any spells.
Your spell library was empty.

Inventory:

Hand Weapons
 k - a +0 morningstar
 Y - a +0 war axe (weapon)
Missiles
 i - a boomerang (quivered)
Armour
 c - a +0 buckler (worn)
 e - the +6 scale mail of the Solstice (worn) {rF+ Int+2}
   (You acquired it on level 2 of the Dungeon)

   Int:       It affects your intelligence (+2).
   rF:        It protects you from fire.
 o - a +2 pair of gloves (worn)
 s - a scarf of resistance (worn)
Jewellery
 l - a ring of see invisible (left hand)
 m - a ring of fire
Scrolls
 n - a scroll of identify
Potions
 a - 3 potions of heal wounds
 b - a potion of haste
 d - a potion of might
 f - a potion of mutation {unknown}
 h - a potion of ambrosia {unknown}
 j - 4 potions of curing
 r - a potion of resistance {unknown}

Dungeon Overview and Level Annotations

Branches:
Dungeon (5/15)
 Temple: D:4-7

Altars:
Ru
Uskayaw
Zin

Shops:
D:4 *


Message History

The orc closely misses you. You block the orc wizard's attack.
You slash the orc wizard!
You kill the orc wizard!
You closely miss the iguana. You closely miss the orc priest.
The orc barely misses you. The iguana bites you.
You barely miss the iguana.
The iguana is moderately wounded.
You closely miss the orc priest. The orc hits you but does no damage.
The orc priest hits you but does no damage.
The iguana bites you but does no damage.
You barely miss the iguana.
The iguana is moderately wounded.
You hit the orc priest. The orc hits you but does no damage.
The iguana barely misses you. The orc priest closely misses you.
You closely miss the orc priest.
The orc priest is moderately wounded.
You barely miss the iguana.
The orc priest looks satisfied for a moment.
The iguana misses you. The orc closely misses you.
You slash the orc priest!
You kill the orc priest!
You hit the iguana.
The orc hits you from afar with a +2 trident of freezing.
The orc freezes you. You block the iguana's attack.
The iguana bites you but does no damage.
The orc hits you from afar with a +2 trident of freezing.
The orc freezes you.
Your Axes skill increases to level 7!
You hit the iguana but do no damage.
The iguana is severely wounded.
The iguana bites you.
The orc hits you from afar with a +2 trident of freezing!
4291 ||| READING scroll of teleportation.
As you read the scroll of teleportation, it crumbles to dust.
You feel strangely unstable.
The iguana bites you but does no damage.
The orc hits you from afar with a +2 trident of freezing.
You die...

#..#.#
#.....###
........####
#.........
#........
#.....o.
###..).######.
##....l@)....>.
..........>.#..
####...<.)....#
#....###....
##.#.. ...
#.##.. .# #.
... # #. ...#
##)#


You could see an iguana and an orc.

Vanquished Creatures
  An ogre (D:4)
  2 scorpions (D:2)
  2 orc priests
  A hound (D:4)
  2 iguanas (D:4)
  Terence (D:3)
  3 orc wizards
  4 gnolls (D:3)
  5 adders
  2 worms
  2 dart slugs
  10 orcs
  8 endoplasms
  A giant cockroach (D:4)
  5 hobgoblins
  4 jackals (D:3)
  2 quokkas
  2 ball pythons
  7 bats
  3 frilled lizards
  11 goblins
  6 kobolds
  7 rats
91 creatures vanquished.

Notes
Turn   | Place    | Note
-------+----------+-------------------------------------------
     0 | D:1      | qw the Gargoyle Fighter began the quest for the Orb.
     0 | D:1      | Reached XP level 1. HP: 14/14 MP: 1/1
     0 | D:1      | 0 ||| qw: Version: 0.1-a-112-g44dc6cd
     0 | D:1      | 0 ||| qw: Game counter: 6864
     0 | D:1      | 0 ||| qw: Always use a shield: true
     0 | D:1      | 0 ||| qw: God list: Okawaru
     0 | D:1      | 0 ||| qw: Allow faded altars: false
     0 | D:1      | 0 ||| qw: Do Orc after D:15 true
     0 | D:1      | 0 ||| qw: Do second Lair branch before Depths: true
     0 | D:1      | 0 ||| qw: Lair rune preference: random
     0 | D:1      | 0 ||| qw: Plans: Normal, Zot, God:TSO, Crypt, Tomb, Zig,
                  | Orb
     0 | D:1      | 0 ||| PLANNING D:1-11
    58 | D:1      | Reached skill level 2 in Axes
   110 | D:1      | Reached XP level 2. HP: 16/19 MP: 2/2
   545 | D:1      | 545 ||| Stepping ~*~*~tactically~*~*~ (stealth).
   629 | D:1      | 629 ||| Stepping ~*~*~tactically~*~*~ (stealth).
   660 | D:1      | 660 ||| Stepping ~*~*~tactically~*~*~ (stealth).
   661 | D:1      | 661 ||| Stepping ~*~*~tactically~*~*~ (stealth).
   792 | D:1      | 792 ||| UPGRADING to ring of see invisible.
   797 | D:1      | Found a faded altar of an unknown god.
   962 | D:1      | 962 ||| READING scroll labelled LESCHA ECICI.
   963 | D:1      | 963 ||| READING 2 scrolls labelled QILIENINT DAICK.
   966 | D:1      | 966 ||| READING scroll labelled JOK QUMOIWUQYMOHO.
   967 | D:1      | 967 ||| READING scroll labelled WUQUPT WILE.
   968 | D:1      | 968 ||| READING scroll labelled LEYTIK RISEUVE.
   969 | D:1      | 969 ||| READING scroll labelled XOPSIE LUMIOBI.
   970 | D:1      | 970 ||| DRINKING 2 inky potions.
   990 | D:2      | 990 ||| Stepping ~*~*~tactically~*~*~ (stealth).
  1000 | D:2      | Reached skill level 3 in Axes
  1103 | D:2      | 1103 ||| Stepping ~*~*~tactically~*~*~ (stealth).
  1117 | D:2      | Reached XP level 3. HP: 22/23 MP: 3/3
  1370 | D:2      | Noticed a scorpion
  1379 | D:2      | Killed a scorpion
  1380 | D:2      | Reached skill level 4 in Axes
  1380 | D:2      | Reached XP level 4. HP: 24/28 MP: 4/4
  1464 | D:2      | 1464 ||| Stepping ~*~*~tactically~*~*~ (stealth).
  1465 | D:2      | 1465 ||| Stepping ~*~*~tactically~*~*~ (stealth).
  1749 | D:2      | Found the +8 trident of the Octopus King {venom, rElec
                  | rPois}
  1857 | D:2      | Noticed a scorpion
  1858 | D:2      | 1858 ||| Stepping ~*~*~tactically~*~*~ (stealth).
  1870 | D:2      | Killed a scorpion
  1871 | D:2      | Reached skill level 5 in Axes
  1871 | D:2      | Reached XP level 5. HP: 17/32 MP: 5/5
  2331 | D:2      | 2331 ||| READING scroll labelled NIENE ROINO.
  2331 | D:2      | Identified a scroll of acquirement
  2331 | D:2      | 2331 ||| ACQUIRING +6 scale mail of the Solstice {rF+
                  | Int+2}
  2331 | D:2      | Acquired the +6 scale mail of the Solstice {rF+ Int+2}
  2333 | D:2      | 2333 ||| UPGRADING to +6 scale mail of the Solstice {rF+
                  | Int+2}.
  2343 | D:2      | 2343 ||| DROPPING +0 scale mail.
  2344 | D:2      | 2344 ||| READING scroll labelled QIKHLO HALA.
  2345 | D:2      | 2345 ||| READING scroll labelled KOJIET ASCHUEFA.
  2346 | D:2      | 2346 ||| READING scroll labelled PAUFUIR ZIRHEU.
  2347 | D:2      | 2347 ||| DRINKING 2 orange potions.
  2404 | D:3      | 2404 ||| Stepping ~*~*~tactically~*~*~ (hiding).
  2406 | D:3      | 2406 ||| Stepping ~*~*~tactically~*~*~ (hiding).
  2434 | D:3      | 2434 ||| Stepping ~*~*~tactically~*~*~ (stealth).
  2450 | D:3      | 2450 ||| Stepping ~*~*~tactically~*~*~ (stealth).
  2518 | D:3      | 2518 ||| FLEEEEING.
  2569 | D:3      | 2569 ||| DROPPING +0 club.
  2603 | D:3      | 2603 ||| Stepping ~*~*~tactically~*~*~ (stealth).
  2604 | D:3      | 2604 ||| Stepping ~*~*~tactically~*~*~ (stealth).
  2611 | D:3      | Reached XP level 6. HP: 38/38 MP: 6/6
  2624 | D:3      | 2624 ||| Stepping ~*~*~tactically~*~*~ (stealth).
  2705 | D:3      | Reached skill level 1 in Dodging
  2716 | D:3      | 2716 ||| Stepping ~*~*~tactically~*~*~ (hiding).
  3020 | D:3      | Noticed Terence
  3033 | D:3      | Killed Terence
  3049 | D:3      | 3049 ||| DROPPING +0 flail.
  3106 | D:3      | 3106 ||| Stepping ~*~*~tactically~*~*~ (stealth).
  3111 | D:3      | 3111 ||| Stepping ~*~*~tactically~*~*~ (stealth).
  3135 | D:3      | 3135 ||| Stepping ~*~*~tactically~*~*~ (stealth).
  3137 | D:3      | 3137 ||| Stepping ~*~*~tactically~*~*~ (stealth).
  3169 | D:3      | Found a sacrificial altar of Ru.
  3348 | D:3      | 3348 ||| READING scroll labelled JOLOSS FI YT ASY.
  3382 | D:4      | 3382 ||| Stepping ~*~*~tactically~*~*~ (stealth).
  3385 | D:4      | 3385 ||| Stepping ~*~*~tactically~*~*~ (hiding).
  3484 | D:4      | Found Nemaogats's General Store.
  3494 | D:4      | 3494 ||| BUYING potion of curing (30 gold).
  3494 | D:4      | Bought a potion of curing for 30 gold pieces
  3494 | D:4      | 3494 ||| BUYING potion of heal wounds (50 gold).
  3494 | D:4      | Bought a potion of heal wounds for 50 gold pieces
  3494 | D:4      | 3494 ||| BUYING scroll of enchant armour (75 gold).
  3494 | D:4      | Bought a scroll of enchant armour for 75 gold pieces
  3571 | D:4      | Reached skill level 6 in Axes
  3571 | D:4      | Reached XP level 7. HP: 33/43 MP: 7/7
  3793 | D:4      | Found a hide-covered altar of Uskayaw.
  3841 | D:4      | Found a glowing silver altar of Zin.
  4199 | D:4      | 4199 ||| UPGRADING to +1 pair of gloves.
  4204 | D:4      | 4204 ||| UPGRADING to scarf of resistance.
  4209 | D:4      | 4209 ||| READING scroll of enchant armour.
  4209 | D:4      | 4209 ||| ENCHANTING +1 pair of gloves.
  4210 | D:4      | 4210 ||| DRINKING 2 white potions.
  4211 | D:4      | 4211 ||| READING 2 scrolls of identify.
  4211 | D:4      | 4211 ||| IDENTIFYING amethyst potion
  4212 | D:4      | 4212 ||| DROPPING potion of brilliance.
  4277 | D:5      | Entered Level 5 of the Dungeon
  4290 | D:5      | Reached skill level 7 in Axes
  4290 | D:5      | HP: 8/43 [iguana (5)]
  4290 | D:5      | HP: 1/43 [orc/+2 trident of freezing (7)]
  4291 | D:5      | 4291 ||| READING scroll of teleportation.
  4291 | D:5      | Slain by an orc

Levels and vault maps discovered:
D:1:      ncdulo_wetmaze, layout_loops_ring,
          shapermc_ecumenical_altar_notcrosses, corexii_hall_statues_x
D:2:      layout_loops_ring
D:3:      layout_loops_cross, nicolae_ru_awakened_eye, grunt_ministairs_13,
          uniq_terence
D:4:      layout_gridville, mainiacjoe_overflow_cross_hatched,
          overflow_temple_1_default, serial_shops, nicolae_shop_trees
D:5:      layout_rooms, kennysheep_little_box, uniq_sigmund, uniq_pikel,
          uniq_eustachio

Skill      XL: |  1  2  3  4  5  6  7 |
---------------+----------------------+-----
Axes           | 2 3 4 5 6 7 |  7.0
Fighting       | 4 |  4.0
Dodging        | 1 |  1.1
Armour         | |  3.2
Shields        | |  3.2

Action                   |  1- 3 |  4- 6 |  7- 9 || total
-------------------------+-------+-------+-------++-------
Melee: War axe           |    85 |   190 |    38 ||   313
Throw: Boomerang         |       |     8 |    19 ||    27
  Use: Scroll            |     6 |     5 |     3 ||    14
       Potion            |     1 |     1 |     1 ||     3
Armor: Scale mail        |    46 |   100 |    24 ||   170
Dodge: Dodged            |    39 |   110 |    15 ||   164
Block: Buckler           |    14 |    35 |    11 ||    60

Table legend:
 A = Non-vault XP
 B = Vault XP
 C = Vault XP percentage of total XP
 D = Non-vault monster count
 E = Vault monster count
 F = Vault count percentage of total count
                 A         B        C        D         E       F
            +---------+---------+-------+---------+---------+-------
      Total |     863 |      40 |   4.4 |      88 |       3 |   3.3
            +---------+---------+-------+---------+---------+-------
        D:1 |      27 |       0 |   0.0 |      17 |       0 |   0.0
        D:2 |     220 |       0 |   0.0 |      20 |       0 |   0.0
        D:3 |     190 |      40 |  17.4 |      31 |       3 |   8.8
        D:4 |     312 |       0 |   0.0 |      17 |       0 |   0.0
        D:5 |     114 |       0 |   0.0 |       3 |       0 |   0.0
            +---------+---------+-------+---------+---------+-------
